 Dungeon Sprint DCSS version 0.21.0-25-ge575cb9 (webtiles) character file.

79988 wojtek the Executioner (level 14, -12/149 HPs)
             Began as a Minotaur Berserker on Jan 24, 2018.
             Was an Elder of Trog.
             Mangled by Mennas
             ... wielding a +3 sacred scourge of holy wrath
              (19 damage)
             ... in the Dungeon (Sprint III: "The Ten Rune Challenge").
             The game lasted 00:29:29 (7792 turns).

wojtek the Executioner (Minotaur Berserker)         Turns: 7792, Time: 00:29:31

Health: -12/149    AC: 24    Str: 26    XL:     14   Next: 25%
Magic:  4/4        EV: 25    Int:  4    God:    Trog [****..]
Gold:   1688       SH:  0    Dex: 16    Spells: 13/13 levels left

rFire    . . .     SeeInvis .   a - +7 battleaxe (antimagic)
rCold    + . .     Gourm    .   (shield currently unavailable)
rNeg     . . .     Faith    .   U - +0 plate armour {rF+}
rPois    .         Spirit   .   H - +1 hat {MR+}
rElec    .         Reflect  .   (no cloak)
rCorr    .         Harm     .   (no gloves)
MR       +++..     NoTele   +   K - +2 pair of boots {Fly}
Stlth    ..........             (no amulet)
HPRegen  0.34/turn              Q - ring of ice
MPRegen  0.09/turn              R - ring of protection from magic

@: agile, berserk cooldown, flying, slowed, glowing, very slow
A: retaliatory headbutt, horns 2
}: 2/10 runes: decaying, barnacled
a: Berserk, Trog's Hand, Brothers in Arms, Burn Spellbooks, Renounce Religion,
Stop Flying


You were in the Dungeon.
You worshipped Trog.
Trog was greatly pleased with you.
You were very hungry.

You visited 1 branch You collected 3452 gold pieces.
You spent 1764 gold pieces at shops.

Inventory:

Hand Weapons
 a - a +7 antimagic battleaxe (weapon)
 b - a +4 battleaxe of flaming
 j - a +4 antimagic battleaxe
 u - a +2 antimagic battleaxe
 v - a +5 antimagic executioner's axe
 w - a +3 antimagic battleaxe
 x - a +2 war axe of chopping
 z - a +2 antimagic broad axe
 C - a +5 antimagic war axe
 E - a +3 battleaxe of electrocution
 F - a +4 antimagic battleaxe
 G - a +0 hand axe
 L - a +3 antimagic battleaxe
 T - a +1 antimagic battleaxe
 V - a +1 antimagic battleaxe
Missiles
 y - 3 javelins of penetration
 A - 3 throwing nets (quivered)
 N - 20 steel javelins
Armour
 B - a +0 plate armour
 H - a +1 hat of magic resistance (worn)
 J - +0 swamp dragon scales
 K - a +2 pair of boots of flying (worn)
 P - +1 fire dragon scales
 S - a +1 leather armour of magic resistance
 U - a +0 plate armour of fire resistance (worn)
Jewellery
 Q - a ring of ice (left hand)
 R - a ring of protection from magic (right hand)
Wands
 t - a wand of random effects (25)
Scrolls
 i - a scroll of blinking
 m - 3 scrolls of immolation {unknown}
 n - 7 scrolls of identify
 o - a scroll of fog {unknown}
 r - 3 scrolls of remove curse
Potions
 d - 5 potions of curing
 f - a potion of haste
 g - 3 potions of magic
 h - 2 potions of berserk rage
 k - 4 potions of resistance {unknown}
 l - 4 potions of mutation {unknown}
 p - a potion of ambrosia {unknown}
 q - 3 potions of flight {unknown}
 I - a potion of brilliance {unknown}
 M - a potion of degeneration {unknown}
Books
 W - Roxanne's Collected Works on the Rocks
   (You took it off Roxanne in the Dungeon)

   Spells                             Type                      Level
   a - Stone Arrow                    Conjuration/Earth            3
   b - Leda's Liquefaction            Hexes/Earth                  4
   c - Iron Shot                      Conjuration/Earth            6
   d - Statue Form                    Transmutation/Earth          6
   Trog disapproves of the use of such an item.
Miscellaneous
 s - a sack of spiders
 D - a phial of floods
Comestibles
 c - 14 rations


   Skills:
 + Level 20.4 Fighting
 * Level 26.7 Axes
 + Level 20.3 Armour
 + Level 18.9 Dodging


You had 13 spell levels left.
You didn't know any spells.

Dungeon Overview and Level Annotations

Branches:
Dungeon (1/1)

Altars:
Cheibriados
Dithmenos
Elyvilon
Fedhas
Gozag
Hepliaklqana
Kikubaaqudgha
Makhleb
Nemelex Xobeh
Okawaru
Qazlal
Ru
Sif Muna
Trog
Uskayaw
Vehumet
Wu Jian
Xom
Yredelemnul
Zin
The Shining One
Beogh
Jiyva
Lugonu

Shops:
D %[:(}:!([%%[}!=[?%[=(}:[

Annotations:
D exclusion: statue, Mennas


Innate Abilities, Weirdness & Mutations

You reflexively headbutt those who attack you in melee.
You have a pair of horns on your head.


Message History

You feel agile all of a sudden.
Mennas falters for a moment. x2
Mennas blocks your attack.
Your headbutt misses Mennas.
Mennas is heavily wounded.
Mennas falters for a moment.
Mennas closely misses you. You furiously retaliate!
You headbutt Mennas! Mennas hits you but does no damage.
Mennas blocks your attack.
Your headbutt misses Mennas.
Mennas is severely wounded.
Mennas hits you with a sacred scourge of holy wrath!
* * * LOW HITPOINT WARNING * * *
Mennas hits you with a sacred scourge of holy wrath!
* * * LOW HITPOINT WARNING * * *
You completely miss Mennas. Mennas blocks your attack.
Mennas is severely wounded.
Mennas falters for a moment.
Mennas hits you with a sacred scourge of holy wrath!
* * * LOW HITPOINT WARNING * * *
Mennas hits you with a sacred scourge of holy wrath!!
You die...

#.....
#'###(......###.
#.....
+.).'.......'...
#...A.
#'###(......####
#≈....
#≈≈≈##.....##... 8≈...
#'#'###((.###.#.
#'A####.#.# ##(####.##
+..((.#'#####(≈≈≈'#.##
#####A#..'∩∩#.≈≈)#..##
##@####∩∩#.≈≈.#####
###...###..#..≈(#..+
+.......+..+..≈≈'..#
###...###..#≈≈≈)#..#
##.##∩#..#....#..#
#.#..#..####+####
#'#'##..# #.'..'..+
#.####..#


You could see Mennas.

Vanquished Creatures
  Boris (D)
  the Lernaean hydra (D)
  Rupert (D)
  Polyphemus (D)
  Harold (D)
  Ilsuiw (D)
  A vampire knight (D)
  A merfolk javelineer (D)
  Erolcha (D)
  3 hydras (D)
  4 death yaks (D)
  Urug (D)
  A titan zombie (D)
  A golden dragon zombie (D)
  2 skeletal warriors (D)
  A sea snake (D)
  An anaconda zombie (D)
  A spriggan druid (D)
  A lindwurm (D)
  An orange crystal statue (D)
  7 swamp dragons (D)
  Joseph (D)
  2 oklob plants (D)
  A deep elf mage (D)
  4 crystal guardians (D)
  A stone giant skeleton (D)
  An iron troll simulacrum (D)
  2 black mambas (D)
  4 statues (D)
  2 spiny frogs (D)
  A rime drake (D)
  A komodo dragon (D)
  An anaconda simulacrum (D)
  2 tyrant leeches (D)
  An orc high priest (D)
  4 slime creatures (D)
  3 dream sheep (D)
  8 blink frogs (D)
  5 redbacks (D)
  A shadow (D)
  2 spriggans (D)
  3 wandering mushrooms (D)
  A spatial vortex (D)
  3 hydra simulacra (D)
  An orc warrior (D)
  A swamp drake (D)
  A necrophage (D)
  5 two-headed ogres (D)
  A water elemental (D)
  16 killer bees (D)
  An electric eel (D)
  3 orc priests (D)
  A jelly (D)
  An orc wizard (D)
  A wizard (D)
  A necromancer (D)
  2 polar bear simulacra (D)
  A wolf simulacrum (D)
  3 humans (D)
  A kobold demonologist (D)
  An ooze (D)
  A phantom (D)
  2 orcs (D)
  3 rats (D)
  2 ballistomycetes (D)
  A plant (D)
137 creatures vanquished.

Vanquished Creatures (collateral kills)
  Mara (D)
  Gastronok (D)
  Roxanne (D)
  A vampire knight (D)
  2 dire elephants (D)
  A mummy priest (D)
  A shadow wraith (D)
  A death drake (D)
  An orc knight (D)
  2 elephants (D)
  A molten gargoyle (D)
  A queen bee (D)
  2 swamp drakes (D)
  16 killer bees (D)
  An orc wizard (D)
  12 orcs (D)
  2 plants (D)
47 creatures vanquished.

Vanquished Creatures (others)
  2 draconian scorchers (D)
  6 hellions (D)
  3 yaktaurs (D)
  A slime creature (D)
  3 ball lightnings (D)
  2 ballistomycetes (D)
  5 ballistomycete spores (D)
  10 plants (D)
32 creatures vanquished.

Grand Total: 216 creatures vanquished

Notes
Turn   | Place    | Note
-------+----------+-------------------------------------------
     0 | D        | wojtek the Minotaur Berserker began the quest for the Orb.
     0 | D        | Reached XP level 1. HP: 19/19 MP: 0/0
     8 | D        | Reached skill level 4 in Axes
    31 | D        | Reached ** piety under Trog
    90 | D        | Killed a hellion
    92 | D        | Killed a hellion
    92 | D        | Killed a hellion
    93 | D        | Killed a hellion
   131 | D        | Reached XP level 2. HP: 27/27 MP: 1/1
   134 | D        | Killed a hellion
   139 | D        | Reached skill level 5 in Axes
   139 | D        | Reached XP level 3. HP: 31/35 MP: 2/2
   185 | D        | Killed a white draconian scorcher
   187 | D        | Killed a white draconian scorcher
   206 | D        | Killed a hellion
   216 | D        | Noticed a water elemental
   218 | D        | Killed a water elemental
   218 | D        | Reached *** piety under Trog
   218 | D        | Reached skill level 5 in Fighting
   218 | D        | Reached skill level 7 in Axes
   218 | D        | Reached skill level 5 in Armour
   218 | D        | Reached XP level 4. HP: 44/44 MP: 3/3
   256 | D        | Found a radiant altar of Vehumet.
   256 | D        | Found a deep blue altar of Sif Muna.
   256 | D        | Found an ancient bone altar of Kikubaaqudgha.
   256 | D        | Noticed a wizard
   262 | D        | Killed a wizard
   262 | D        | Reached skill level 5 in Dodging
   267 | D        | Reached **** piety under Trog
   267 | D        | Reached skill level 8 in Axes
   315 | D        | Found a glowing silver altar of Zin.
   316 | D        | Found a glowing golden altar of the Shining One.
   316 | D        | Found a white marble altar of Elyvilon.
   316 | D        | Noticed a deep elf mage
   328 | D        | Killed a yaktaur
   331 | D        | Killed a deep elf mage
   331 | D        | Reached ***** piety under Trog
   331 | D        | Reached skill level 11 in Axes
   331 | D        | Reached XP level 5. HP: 48/56 MP: 4/4
   331 | D        | Reached XP level 6. HP: 53/62 MP: 5/5
   331 | D        | Reached XP level 7. HP: 59/69 MP: 6/6
   381 | D        | Found a hide-covered altar of Uskayaw.
   381 | D        | Found an iron altar of Okawaru.
   385 | D        | Found a roughly hewn altar of Beogh.
   385 | D        | Found a bloodstained altar of Trog.
   385 | D        | Found an ornate altar of the Wu Jian Council.
   385 | D        | Noticed a human
   385 | D        | Noticed a human
   390 | D        | Killed a human
   390 | D        | Reached skill level 12 in Axes
   391 | D        | Killed a human
   419 | D        | Killed a yaktaur
   440 | D        | Found a shadowy altar of Dithmenos.
   444 | D        | Reached skill level 13 in Axes
   445 | D        | Found a basalt altar of Yredelemnul.
   445 | D        | Found a sacrificial altar of Ru.
   452 | D        | Received a gift from Trog
   605 | D        | Noticed a shadow
   610 | D        | Reached skill level 10 in Fighting
   611 | D        | Killed a shadow
   611 | D        | Reached XP level 8. HP: 66/78 MP: 2/7
   659 | D        | Found a blossoming altar of Fedhas.
   659 | D        | Found a stormy altar of Qazlal.
   660 | D        | Found a snail-covered altar of Cheibriados.
   660 | D        | Found a burning altar of Makhleb.
   660 | D        | Found a hazy altar of Hepliaklqana.
   660 | D        | Found a shimmering altar of Xom.
   660 | D        | Found an opulent altar of Gozag.
   660 | D        | Found a sparkling altar of Nemelex Xobeh.
   660 | D        | Found a corrupted altar of Lugonu.
   660 | D        | Found a viscous altar of Jiyva.
   668 | D        | Reached skill level 10 in Armour
   725 | D        | Reached skill level 14 in Axes
   757 | D        | Received a gift from Trog
   933 | D        | Noticed a two-headed ogre
   942 | D        | Killed a two-headed ogre
  1208 | D        | Noticed a two-headed ogre
  1208 | D        | Noticed Erolcha
  1212 | D        | Killed Erolcha
  1212 | D        | Reached skill level 15 in Axes
  1212 | D        | Reached skill level 10 in Dodging
  1212 | D        | Reached XP level 9. HP: 89/89 MP: 2/8
  1215 | D        | Killed a two-headed ogre
  1287 | D        | Received a gift from Trog
  1290 | D        | Reached skill level 16 in Axes
  1293 | D        | Noticed an orc knight
  1294 | D        | Found Usag Utwall's Antique Weapon Shop.
  1300 | D        | Killed an orc knight
  1302 | D        | Received a gift from Trog
  1307 | D        | Received a gift from Trog
  1500 | D        | Noticed a queen bee
  1505 | D        | Killed a queen bee
  1509 | D        | Reached ****** piety under Trog
  1513 | D        | Received a gift from Trog
  1519 | D        | Reached XP level 10. HP: 80/99 MP: 3/9
  1523 | D        | Reached skill level 17 in Axes
  1524 | D        | Received a gift from Trog
  1534 | D        | Received a gift from Trog
  1941 | D        | Received a gift from Trog
  2029 | D        | Noticed a spiny frog
  2029 | D        | Noticed a spiny frog
  2032 | D        | Killed a spiny frog
  2035 | D        | Killed a spiny frog
  2039 | D        | Reached skill level 18 in Axes
  2159 | D        | Received a gift from Trog
  2371 | D        | Noticed Rupert
  2385 | D        | Killed Rupert
  2385 | D        | Reached skill level 19 in Axes
  2385 | D        | Reached XP level 11. HP: 52/110 MP: 3/10
  2653 | D        | Noticed a dire elephant
  2662 | D        | Killed a dire elephant
  2675 | D        | Noticed Gastronok
  2686 | D        | Killed Gastronok
  2686 | D        | Reached skill level 15 in Fighting
  2686 | D        | Reached skill level 20 in Axes
  2688 | D        | Noticed a dire elephant
  2690 | D        | Killed a dire elephant
  2690 | D        | Reached skill level 15 in Armour
  2704 | D        | Noticed an azure jelly
  2704 | D        | Noticed an azure jelly
  2704 | D        | Noticed an azure jelly
  2704 | D        | Noticed an azure jelly
  2903 | D        | Noticed a death yak
  2903 | D        | Noticed a death yak
  2913 | D        | Killed a death yak
  2913 | D        | Received a gift from Trog
  2917 | D        | Killed a death yak
  2922 | D        | Noticed a death yak
  2922 | D        | Noticed a death yak
  2934 | D        | Killed a death yak
  2937 | D        | Killed a death yak
  3088 | D        | Received a gift from Trog
  3088 | D        | Reached skill level 21 in Axes
  3159 | D        | Noticed a swamp dragon
  3168 | D        | Killed a swamp dragon
  3522 | D        | Found Zotwi's Food Shoppe.
  3522 | D        | Found Veyvvoug's Antique Armour Boutique.
  3522 | D        | Found Meiru's Book Emporium.
  3522 | D        | Noticed a swamp dragon
  3522 | D        | Noticed a swamp dragon
  3522 | D        | Noticed a swamp dragon
  3522 | D        | Noticed a swamp dragon
  3522 | D        | Noticed a swamp dragon
  3569 | D        | Killed a swamp dragon
  3569 | D        | Reached XP level 12. HP: 121/121 MP: 11/11
  3570 | D        | Reached skill level 15 in Dodging
  3573 | D        | Received a gift from Trog
  3677 | D        | Bought a pair of glowing boots for 157 gold pieces
  3710 | D        | Noticed an eight-headed hydra
  3710 | D        | Noticed the 27-headed Lernaean hydra
  3720 | D        | Killed the 23-headed Lernaean hydra
  3720 | D        | Reached skill level 22 in Axes
  3726 | D        | Killed a seven-headed hydra
  3857 | D        | Got a decaying rune of Zot
  3929 | D        | Received a gift from Trog
  4112 | D        | Reached skill level 23 in Axes
  4313 | D        | Noticed Urug
  4317 | D        | Killed Urug
  4349 | D        | Noticed a seven-headed hydra
  4349 | D        | Noticed an eight-headed hydra
  4356 | D        | Killed an 11-headed hydra
  4363 | D        | Killed a 14-headed hydra
  4363 | D        | Received a gift from Trog
  4696 | D        | Found a blossoming altar of Fedhas.
  4710 | D        | Reached XP level 13. HP: 119/132 MP: 4/12
  4799 | D        | Noticed Polyphemus
  4816 | D        | Killed Polyphemus
  4820 | D        | Received a gift from Trog
  4877 | D        | Noticed Ilsuiw
  4905 | D        | Killed Ilsuiw
  4905 | D        | Reached skill level 24 in Axes
  4925 | D        | Found Epsaunefi's Book Emporium.
  4938 | D        | Found Hunil Detis's Distillery.
  4949 | D        | Found Xaipsiguko's Antique Weapon Shoppe.
  4950 | D        | Noticed a merfolk javelineer
  4974 | D        | Killed a merfolk javelineer
  5018 | D        | Bought a potion of agility for 48 gold pieces
  5030 | D        | Got a barnacled rune of Zot
  5143 | D        | Noticed Harold
  5143 | D        | Noticed Joseph
  5149 | D        | Killed Harold
  5149 | D        | Received a gift from Trog
  5154 | D        | Killed Joseph
  5407 | D        | Received a gift from Trog
  5426 | D        | Found Lovimo Gouq's Food Emporium.
  5426 | D        | Found Ahikuo's Jewellery Shop.
  5426 | D        | Found Exof Loo's Antique Armour Boutique.
  5426 | D        | Found Gis Pyax's Antique Armour Shoppe.
  5426 | D        | Found Maefim's Magic Scroll Boutique.
  5426 | D        | Found Jamebeiz's Antique Armour Emporium.
  5426 | D        | Found Turhat's Jewellery Shoppe.
  5426 | D        | Found Iwiahycy's Book Shop.
  5426 | D        | Found Kuah's Distillery.
  5426 | D        | Found Poadeiqof's Gadget Emporium.
  5426 | D        | Found Xakk's Gadget Emporium.
  5426 | D        | Found Neur's Antique Weapon Boutique.
  5460 | D        | Bought a runed hat for 112 gold pieces
  5495 | D        | Bought runed fire dragon scales for 1197 gold pieces
  5510 | D        | Bought an uncursed ring of ice for 250 gold pieces
  5881 | D        | Received a gift from Trog
  6103 | D        | Reached skill level 25 in Axes
  6133 | D        | Noticed a mummy priest
  6155 | D        | Killed a mummy priest
  6247 | D        | Received a gift from Trog
  6528 | D        | Noticed a vampire knight
  6528 | D        | Noticed Mara
  6528 | D        | Noticed a vampire knight
  6534 | D        | Noticed wojtek's illusion
  6545 | D        | Killed Mara
  6551 | D        | Killed a vampire knight
  6551 | D        | Received a gift from Trog
  6661 | D        | Killed a vampire knight
  6962 | D        | Noticed Boris
  6989 | D        | Killed Boris
  6989 | D        | Reached skill level 26 in Axes
  6989 | D        | Reached XP level 14. HP: 97/146 MP: 4/13
  6994 | D        | Received a gift from Trog
  7400 | D        | Found Yriobul's Armour Emporium.
  7400 | D        | Found Otoizeth's Food Shop.
  7400 | D        | Found Xaikofaq's Food Shop.
  7400 | D        | Found Bygreal's Armour Shoppe.
  7556 | D        | Found Omnociek's Gadget Boutique.
  7569 | D        | Received a gift from Trog
  7587 | D        | Noticed Roxanne
  7621 | D        | Killed Roxanne
  7622 | D        | Identified Roxanne's Collected Works on the Rocks (You took it off Roxanne in the Dungeon)
  7748 | D        | Noticed Mennas
  7792 | D        | HP: 7/149 [Mennas/sacred scourge of holy wrath (13)]
  7792 | D        | Mangled by Mennas

Skill      XL: |  1  2  3  4  5  6  7  8  9 10 11 12 13 14 |
---------------+-------------------------------------------+-----
Fighting       | 4 5 8 10 11 12 14 16 17 20 | 20.4
Axes           | 4 5 7 11 13 15 16 19 21 23 26 | 26.7
Armour         | 3 5 8 9 11 12 14 16 17 19 20 | 20.3
Dodging        | 3 4 7 9 10 11 13 14 16 18 | 18.9

Action                   |  1- 3 |  4- 6 |  7- 9 | 10-12 | 13-15 || total
-------------------------+-------+-------+-------+-------+-------++-------
Melee: Hand axe          |    17 |    13 |    15 |       |       ||    45
       Headbutt          |     2 |     3 |    13 |    40 |    46 ||   104
       Battleaxe         |       |       |    24 |   166 |   213 ||   403
       Executioner's axe |       |       |    32 |    15 |       ||    47
Throw: Throwing net      |       |       |       |       |     1 ||     1
Invok: Berserk           |     2 |       |     4 |     3 |     3 ||    12
       Burn Spellbooks   |       |     1 |       |       |       ||     1
       Brothers in Arms  |       |       |     3 |     6 |    10 ||    19
  Use: Potion            |       |       |       |       |     2 ||     2
 Stab: Sleeping          |     1 |       |       |       |       ||     1
       Distracted        |       |       |       |       |     1 ||     1
  Eat: Chunk             |       |       |     8 |     8 |     5 ||    21
       Ration            |       |       |       |     2 |     3 ||     5
Armor: Animal skin       |     1 |     1 |     1 |       |       ||     3
       Plate armour      |       |       |    15 |   108 |    76 ||   199
       Swamp dragon scal |       |       |       |    13 |       ||    13
Dodge: Dodged            |     2 |     8 |    45 |   128 |    84 ||   267
